[Event "Titled Tuesday Blitz September 27 Early 2022"]
[White "Nigmatov, Ortik"]
[Black "Sanchez Alvares, Kelvin Antonio"]
[WhiteFideId "14202131"]
[BlackFideId "3906680"]
[WhiteElo "2378"]
[BlackElo "2189"]
[Result "1-0"]
[Round "01"]
[TimeControl "180+1"]
[Date "2022.09.27"]
[WhiteClock "0:01:24"]
[BlackClock "0:01:33"]

1. e4 e5 2. Nf3 Nc6 3. Bc4 Bc5 4. c3 Nf6 5. d3 a5 6. O-O d6 7. Nbd2 O-O 8. h3 Be6 9. Bb5 Qb8 10. a4 Qa7 11. Nc4 Ne7 12. d4 exd4 13. cxd4 Bb4 14. d5 Bd7 15. Bg5 Bxb5 16. axb5 Qc5 17. Rc1 Ng6 18. Bxf6 gxf6 19. Nd4 Rfe8 20. Ne3 Qb6 21. Ng4 Kg7 22. Nf5+ Kh8 23. Nxf6 Re5 24. Qh5 Nf8 25. Qxf7 1-0


[Site "https://www.chess.com"]

[Event "Titled Tuesday Blitz September 27 Early 2022"]
[White "Nogerbek, Kazybek"]
[Black "Mogranzini, Roberto"]
[WhiteFideId "13710427"]
[BlackFideId "810894"]
[WhiteElo "2458"]
[BlackElo "2469"]
[Result "1/2-1/2"]
[Round "01"]
[TimeControl "180+1"]
[Date "2022.09.27"]
[WhiteClock "0:00:31"]
[BlackClock "0:01:57"]

1. Nf3 c5 2. c3 g6 3. d4 cxd4 4. cxd4 d5 5. Nc3 Nf6 6. Bf4 Bg7 7. e3 O-O 8. h3 Nc6 9. Bd3 Qb6 10. Qe2 Nb4 11. O-O Nxd3 12. Qxd3 Bf5 13. Qb5 Qxb5 14. Nxb5 a6 15. Nc3 Rac8 16. Be5 Rfd8 17. Rac1 Bf8 18. Na4 Ne4 19. Nb6 Rxc1 20. Rxc1 f6 21. Bh2 Kf7 22. Rc7 Nd6 23. Bxd6 Rxd6 24. Rxb7 Rc6 25. Na4 Rc1+ 26. Kh2 Rc2 27. Kg1 1/2-1/2


[Site "https://www.chess.com"]

[Event "Titled Tuesday Blitz September 27 Early 2022"]
[White "Nygren, Kim"]
[Black "Kevlishvili, Robby"]
[WhiteFideId "1706136"]
[BlackFideId "1040634"]
[WhiteElo "2209"]
[BlackElo "2585"]
[Result "0-1"]
[Round "01"]
[TimeControl "180+1"]
[Date "2022.09.27"]
[WhiteClock "0:00:20"]
[BlackClock "0:01:07"]

1. e4 c6 2. Nc3 d5 3. d4 dxe4 4. Nxe4 Nf6 5. Nxf6+ exf6 6. Bc4 Bd6 7. Ne2 Qc7 8. h3 Nd7 9. Be3 Nb6 10. Bb3 a5 11. a4 O-O 12. Qd2 Re8 13. O-O Be6 14. Bxe6 Rxe6 15. b3 Rae8 16. Nf4 R6e7 17. Qxa5 Bxf4 18. Bxf4 Qxf4 19. Qxb6 g5 20. a5 h5 21. a6 bxa6 22. Qxc6 Qxd4 23. Rxa6 Re1 24. Ra1 R1e6 25. Qf3 g4 26. hxg4 hxg4 27. Qg3 f5 28. Rad1 Qh8 29. c4 Rh6 30. f3 Rh1+ 31. Kf2 Qb2+ 0-1


[Site "https://www.chess.com"]

[Event "Titled Tuesday Blitz September 27 Early 2022"]
[White "Obregon Garcia, Roxangel"]
[Black "Barria Zuniga, Daniel"]
[WhiteFideId "3520420"]
[BlackFideId "3400816"]
[WhiteElo "2036"]
[BlackElo "2414"]
[Result "0-1"]
[Round "01"]
[TimeControl "180+1"]
[Date "2022.09.27"]
[WhiteClock "0:00:12"]
[BlackClock "0:00:23"]

1. e4 c5 2. Nf3 Nc6 3. d4 cxd4 4. Nxd4 Nf6 5. Nc3 e6 6. Ndb5 a6 7. Nd6+ Bxd6 8. Qxd6 Qe7 9. Qd2 b5 10. f3 Bb7 11. b3 O-O 12. Bb2 Rfd8 13. O-O-O d5 14. Qf4 d4 15. Ne2 e5 16. Qg3 a5 17. Kb1 a4 18. Nc1 axb3 19. cxb3 b4 20. Bc4 Ba6 21. Bd3 Nd7 22. Rhe1 Nc5 23. Bxa6 Rxa6 24. f4 f6 25. fxe5 fxe5 26. Qg4 Qe6 27. Qe2 Rb6 28. Qc2 Nd7 29. Rf1 Nf6 30. Rf5 Rc8 31. Qd3 Ne7 32. Rf2 Qc6 33. Re1 Qa8 34. h3 Rbc6 35. Ne2 Qa6 36. Qxa6 Rxa6 37. Ng3 Rac6 38. Nf5 Nxf5 39. exf5 Rc5 40. g4 Nd5 41. Rd2 Nc3+ 42. Ka1 Kf7 43. Rd3 Kf6 44. Bc1 g6 45. Rf1 gxf5 46. Rxf5+ Ke6 47. Bg5 Ne4 48. Rf6+ Nxf6 0-1


[Site "https://www.chess.com"]

[Event "Titled Tuesday Blitz September 27 Early 2022"]
[White "Odegov, Artem"]
[Black "Shapiro, Daniel"]
[WhiteFideId "34183644"]
[BlackFideId "2001780"]
[WhiteElo "2286"]
[BlackElo "2209"]
[Result "1-0"]
[Round "01"]
[TimeControl "180+1"]
[Date "2022.09.27"]
[WhiteClock "0:00:41"]
[BlackClock "0:00:01"]

1. d4 Nf6 2. c4 e6 3. Nf3 b6 4. g3 Ba6 5. b3 Bb4+ 6. Bd2 Be7 7. Bg2 c6 8. O-O d5 9. Ne5 Nfd7 10. Nxd7 Nxd7 11. Bc3 O-O 12. Nd2 Rc8 13. Re1 b5 14. c5 e5 15. b4 exd4 16. Bxd4 Bf6 17. Nb3 Bxd4 18. Nxd4 Qf6 19. Qd2 Ne5 20. Rad1 Nc4 21. Qc2 Rc7 22. e4 dxe4 23. Bxe4 g6 24. Bg2 Rd8 25. Nb3 Rcd7 26. Rxd7 Rxd7 27. h4 h5 28. Qe4 Rc7 29. Nd4 Kg7 30. Nf3 Bc8 31. Ng5 Bf5 32. Qe8 Rc8 33. Qe2 Rc7 34. Qe8 Rc8 35. Qe7 a5 36. a3 axb4 37. axb4 Nb2 38. Qd6 Qxd6 39. cxd6 Rd8 40. Re7 Rxd6 41. Rxf7+ Kg8 42. Rc7 Nd3 43. Bxc6 Nxb4 44. Bxb5 Bg4 45. Bc4+ 1-0


[Site "https://www.chess.com"]

[Event "Titled Tuesday Blitz September 27 Early 2022"]
[White "Omelja, Artem"]
[Black "Torres Boch, Jose Francisco"]
[WhiteFideId "14119846"]
[BlackFideId "2278383"]
[WhiteElo "2382"]
[BlackElo "2088"]
[Result "1-0"]
[Round "01"]
[TimeControl "180+1"]
[Date "2022.09.27"]
[WhiteClock "0:00:07"]
[BlackClock "0:00:01"]

1. d4 Nf6 2. c4 e6 3. Nf3 b6 4. a3 Bb7 5. Nc3 d5 6. Bg5 Be7 7. e3 O-O 8. cxd5 Nxd5 9. Nxd5 Bxd5 10. Bxe7 Qxe7 11. Be2 c5 12. O-O cxd4 13. Nxd4 Nc6 14. Nb5 Rfd8 15. Qc2 Rac8 16. Nc3 Ne5 17. Ba6 Bb7 18. Bxb7 Qxb7 19. Rad1 Qc6 20. Rd2 Rxd2 21. Qxd2 Nc4 22. Qe2 Nxb2 23. Nb5 Qc2 24. Qf3 a6 25. Nd6 Rf8 26. Qb7 Qb3 27. Qxa6 h6 28. h3 Nd3 29. Qa7 Nc5 30. Rc1 Qb2 31. Rd1 Qb3 32. Rd4 Qb1+ 33. Kh2 Qf1 34. Kg3 Nd3 35. Ne4 1-0


[Site "https://www.chess.com"]

[Event "Titled Tuesday Blitz September 27 Early 2022"]
[White "Onslow, Alfie"]
[Black "Malyi, Viacheslav"]
[WhiteFideId "436976"]
[BlackFideId "14123983"]
[WhiteElo "1885"]
[BlackElo "2190"]
[Result "0-1"]
[Round "01"]
[TimeControl "180+1"]
[Date "2022.09.27"]
[WhiteClock "0:00:04"]
[BlackClock "0:00:15"]

1. e4 e5 2. Bc4 Nf6 3. d3 Nc6 4. Nc3 Na5 5. Nge2 Nxc4 6. dxc4 Be7 7. Qd3 d6 8. f3 O-O 9. Be3 c6 10. Rd1 Be6 11. b3 Qc7 12. O-O Rfd8 13. Bg5 h6 14. Bh4 a6 15. a4 Rd7 16. Bg3 Rad8 17. Qe3 Nh5 18. Kh1 Nxg3+ 19. Nxg3 d5 20. exd5 cxd5 21. cxd5 Bxd5 22. Nxd5 Rxd5 23. Rxd5 Rxd5 24. Nf5 Bg5 25. Qe4 Qd7 26. h4 Bf6 27. Re1 Rd2 28. h5 Qc6 29. Qxc6 bxc6 30. Ne3 Bg5 31. Nc4 Rxc2 32. Rxe5 Rc1+ 33. Kh2 Bf4+ 34. Kh3 Bxe5 35. Nxe5 Rc5 36. Nd7 Rxh5+ 37. Kg4 Rd5 38. Nb8 Rd3 39. Nxc6 Rxb3 40. a5 Rb5 41. f4 Rc5 42. Ne7+ Kh8 43. f5 Rxa5 44. f6 g6 45. Nc6 Ra4+ 46. Kf3 a5 47. Ne5 Kg8 48. g4 Ra3+ 49. Kf4 a4 50. Ke4 Ra1 51. Kd5 a3 52. g5 hxg5 53. Kd6 Rd1+ 54. Ke7 Re1 55. Kd8 Rxe5 0-1


[Site "https://www.chess.com"]

[Event "Titled Tuesday Blitz September 27 Early 2022"]
[White "Oparin, Grigoriy"]
[Black "Fiorito, Joaquin"]
[WhiteFideId "24125890"]
[BlackFideId "180173"]
[WhiteElo "2639"]
[BlackElo "1758"]
[Result "1/2-1/2"]
[Round "01"]
[TimeControl "180+1"]
[Date "2022.09.27"]
[WhiteClock "0:00:17"]
[BlackClock "0:00:24"]

1. d4 d5 2. c4 c6 3. Nf3 Nf6 4. Nc3 e6 5. e3 Nbd7 6. Bd3 dxc4 7. Bxc4 b5 8. Bd3 b4 9. Ne4 Nxe4 10. Bxe4 Bb7 11. O-O Nf6 12. Bc2 Be7 13. a3 a5 14. Bd2 O-O 15. Qe2 c5 16. Rfd1 Qb6 17. dxc5 Bxc5 18. axb4 axb4 19. Ne5 Rfd8 20. Be1 Rxa1 21. Rxa1 Qc7 22. Nc4 Qc6 23. f3 Ba6 24. Bf2 Bxe3 25. Qxe3 Bxc4 26. Rc1 Qb5 27. h4 h6 28. Bb1 Be2 29. Re1 Bc4 30. Rc1 Be2 31. Re1 Bc4 32. Bc2 b3 33. Bb1 Bd5 34. Bd3 Bc4 35. Bb1 Qd5 36. Rc1 Qd2 37. Qe1 Qxe1+ 38. Bxe1 Bd5 39. Bc3 Nh5 40. Rd1 f6 41. Kf2 Kf7 42. Bd3 Nf4 43. Bf1 Rc8 44. Ra1 Rc7 45. g3 Ng6 46. Be2 Ne5 47. Ra4 Nc4 48. Rb4 Nd6 49. Bd3 g5 50. h5 Nf5 51. g4 Ne7 52. f4 gxf4 53. Rxf4 e5 54. Rb4 Be6 55. Kg3 Nd5 56. Rxb3 Nf4 57. Bg6+ Nxg6 58. hxg6+ Kxg6 59. Rb6 Kf7 60. Kh4 Rc4 61. Rb4 Rxb4 62. Bxb4 Kg6 63. Bd2 Bb3 64. Kg3 f5 65. gxf5+ Kxf5 66. Bxh6 e4 67. Be3 Ke6 68. Kf2 Kd5 69. Bf4 Bc4 70. Ke3 Bd3 71. b4 Bb5 1/2-1/2


[Site "https://www.chess.com"]

[Event "Titled Tuesday Blitz September 27 Early 2022"]
[White "Orlov, Georgi"]
[Black "Lauridsen, Jesper Morch"]
[WhiteFideId "2011271"]
[BlackFideId "1401890"]
[WhiteElo "2605"]
[BlackElo "2225"]
[Result "1-0"]
[Round "01"]
[TimeControl "180+1"]
[Date "2022.09.27"]
[WhiteClock "0:01:59"]
[BlackClock "0:00:44"]

1. e4 c5 2. Nf3 e6 3. c3 Nf6 4. e5 Nd5 5. d4 cxd4 6. cxd4 d6 7. Bc4 Nc6 8. O-O Be7 9. Qe2 O-O 10. Rd1 Bd7 11. Bxd5 exd5 12. Bf4 dxe5 13. dxe5 Be6 14. Nc3 Qa5 15. a3 Rad8 16. b4 Qb6 17. Na4 Qc7 18. Rac1 Qd7 19. Nc5 Bxc5 20. Rxc5 b6 21. Rcc1 Ne7 22. Nd4 Bg4 23. f3 Ng6 24. Bg5 Bf5 25. Bxd8 Qxd8 26. Nxf5 1-0


[Site "https://www.chess.com"]

[Event "Titled Tuesday Blitz September 27 Early 2022"]
[White "Ovchinnikov, Vsevolod"]
[Black "Stremavicius, Titas"]
[WhiteFideId "24176842"]
[BlackFideId "12804444"]
[WhiteElo "2501"]
[BlackElo "2856"]
[Result "0-1"]
[Round "01"]
[TimeControl "180+1"]
[Date "2022.09.27"]
[WhiteClock "0:00:01"]
[BlackClock "0:00:12"]

1. Nf3 f5 2. b3 d6 3. d4 g6 4. Bb2 Bg7 5. g3 Nh6 6. Bg2 O-O 7. O-O Nf7 8. Nbd2 e5 9. e4 f4 10. Nc4 Nc6 11. dxe5 Nfxe5 12. Nfxe5 Nxe5 13. Nxe5 dxe5 14. Qxd8 Rxd8 15. Rfd1 Be6 16. f3 g5 17. g4 Kf7 18. Kf2 h5 19. h3 Kf6 20. Ba3 Bf8 21. Rxd8 Rxd8 22. Bxf8 Rxf8 23. Rd1 Ke7 24. Bf1 c6 25. a3 a5 26. Rd2 b5 27. Rd1 Rb8 28. Rd2 h4 29. Ke1 c5 30. Kd1 a4 31. bxa4 bxa4 32. Kc1 c4 33. c3 Rb3 34. Rc2 Rxa3 35. Kb2 Rb3+ 36. Ka2 Kd6 37. Be2 Kc5 38. Rc1 Bd7 39. Bd1 Rb6 40. Bc2 Rb8 41. Rd1 Bc6 42. Rd2 Rb7 43. Rd1 Ra7 44. Ka3 Ra8 45. Rd2 Rb8 46. Rd1 Rf8 47. Rd2 Rf7 48. Rd1 Rc7 49. Rd2 Rb7 50. Rd1 Rb8 51. Rd2 Ra8 52. Rd1 Kb6 53. Rd2 Kc7 54. Rd1 Ra5 55. Rd2 Rb5 56. Rd1 Rb8 57. Rd2 Rh8 58. Rd1 Rh7 59. Rd2 Rg7 60. Rd1 Rg8 61. Rd2 Rf8 62. Rd1 Rb8 63. Rd2 Ra8 64. Rd1 Ra7 65. Rd2 Kb6 66. Rd1 Kc5 67. Rd2 Rb7 68. Rd1 Rb3+ 69. Bxb3 cxb3 70. Kb2 Kc4 71. Rd8 Bb5 72. Rd5 Ba6 73. Ra5 a3+ 0-1


[Site "https://www.chess.com"]

[Event "Titled Tuesday Blitz September 27 Early 2022"]
[White "Ovezdurdyyeva, Jemal"]
[Black "Shyaamnikhil P"]
[WhiteFideId "14001888"]
[BlackFideId "5024218"]
[WhiteElo "1946"]
[BlackElo "2273"]
[Result "0-1"]
[Round "01"]
[TimeControl "180+1"]
[Date "2022.09.27"]
[WhiteClock "0:00:10"]
[BlackClock "0:00:16"]

1. e4 Nf6 2. e5 Nd5 3. Nf3 d6 4. c4 Nb6 5. exd6 exd6 6. d4 Be7 7. Bd3 Nc6 8. h3 Bf6 9. Be3 d5 10. c5 Nc4 11. Bc1 Nxd4 12. O-O Nxf3+ 13. Qxf3 O-O 14. Qe2 Ne5 15. Bc2 Re8 16. Nc3 Ng6 17. Qd3 c6 18. b4 Nf8 19. Bb2 g6 20. Rab1 Bf5 21. Qd2 Bxc2 22. Qxc2 Ne6 23. Ne2 Bxb2 24. Qxb2 Qh4 25. b5 Nxc5 26. bxc6 bxc6 27. Nd4 Nd3 28. Qc3 Ne5 29. Rb7 Re7 30. Rxe7 Qxe7 31. Nxc6 Nxc6 32. Qxc6 Rd8 33. Rd1 d4 34. Qf3 a5 35. Rd3 h5 36. Qf4 Qc5 37. Qf6 Rd7 38. Qf4 a4 39. a3 Qc4 40. Qb8+ Kg7 41. Qe5+ Kh7 42. Qg3 Qc1+ 43. Kh2 Qc5 44. Qf4 Qd5 45. Kg1 Kg7 46. Qg3 Qd6 47. Qf3 Qe6 48. Qg3 Qf5 49. Kh2 f6 50. Kg1 g5 51. Kh2 h4 52. Qf3 Qxf3 53. gxf3 Kg6 54. Kg2 Kf5 55. Kf1 Ke5 56. Ke2 Kd5 57. Rd2 Rb7 58. Rc2 Rb3 59. Rc8 Rxa3 60. Rf8 Ke5 61. Re8+ Kf5 62. Rd8 Ra2+ 63. Kd3 Rxf2 64. Kxd4 Rxf3 0-1


[Site "https://www.chess.com"]

[Event "Titled Tuesday Blitz September 27 Early 2022"]
[White "Ozates, Tuna"]
[Black "White, John S."]
[WhiteFideId "6354521"]
[BlackFideId "2502348"]
[WhiteElo "1887"]
[BlackElo "1906"]
[Result "1-0"]
[Round "01"]
[TimeControl "180+1"]
[Date "2022.09.27"]
[WhiteClock "0:02:48"]
[BlackClock "0:02:13"]

1. e4 c5 2. Nf3 e6 3. d4 cxd4 4. Nxd4 Nc6 5. Nc3 d6 6. Be3 Nf6 7. Be2 Be7 8. Qd2 a6 9. O-O-O O-O 10. g4 Qc7 11. g5 Nd7 12. h4 Nxd4 13. Bxd4 b5 14. h5 Bb7 15. g6 fxg6 16. hxg6 h6 17. Rxh6 Nf6 18. Rdh1 e5 19. Rh8# 1-0


[Site "https://www.chess.com"]

[Event "Titled Tuesday Blitz September 27 Early 2022"]
[White "Ozer, Omer Faruk"]
[Black "Sahil, Tickoo"]
[WhiteFideId "6354564"]
[BlackFideId "5019710"]
[WhiteElo "2053"]
[BlackElo "2047"]
[Result "1-0"]
[Round "01"]
[TimeControl "180+1"]
[Date "2022.09.27"]
[WhiteClock "0:00:19"]
[BlackClock "0:00:02"]

1. d4 d5 2. Bf4 Nf6 3. e3 e6 4. Nf3 Bd6 5. Nbd2 c5 6. Ne5 Qc7 7. c3 O-O 8. Bd3 Nc6 9. Ndf3 Ne7 10. h4 b6 11. g4 Bb7 12. g5 Ne4 13. h5 f6 14. gxf6 gxf6 15. Rg1+ Kh8 16. Bh6 Nf5 17. Bxf8 Rxf8 18. Ng4 Qf7 19. Bxe4 dxe4 20. Nd2 cxd4 21. cxd4 Qxh5 22. Qa4 Rg8 23. O-O-O Rxg4 24. Rxg4 Qxg4 25. Qd7 Bd5 26. Qd8+ Kg7 27. Nb1 h5 28. Nc3 h4 29. Qd7+ Kh6 30. Qd8 Kh7 31. Qxf6 Be7 32. Qf7+ Qg7 33. Qh5+ Qh6 34. Qg4 Qg5 35. Qh3 Bb4 36. Ne2 Bxa2 37. Rg1 Qe7 38. Qg4 Qc7+ 39. Nc3 Qf7 40. Nxe4 Qc7+ 41. Nc3 Qf7 42. Ne4 Qc7+ 43. Kd1 Bb3+ 44. Ke2 Qc2+ 45. Kf3 Nxd4+ 46. exd4 Qd3+ 47. Kf4 Bd6+ 48. Nxd6 Qxd4+ 49. Ne4 e5+ 50. Kg5 Bf7 51. Qf5+ Kg8 52. Kf6+ Kf8 53. Qc8+ Be8 54. Rg8+ Kxg8 55. Qxe8+ Kh7 56. Qg6+ Kh8 57. Qg7# 1-0


[Site "https://www.chess.com"]

[Event "Titled Tuesday Blitz September 27 Early 2022"]
[White "Pakleza, Zbigniew"]
[Black "Song, Julien"]
[WhiteFideId "1119290"]
[BlackFideId "659487"]
[WhiteElo "2821"]
[BlackElo "2490"]
[Result "1-0"]
[Round "01"]
[TimeControl "180+1"]
[Date "2022.09.27"]
[WhiteClock "0:01:05"]
[BlackClock "0:00:26"]

1. d4 d5 2. Bf4 Bf5 3. c4 e6 4. Nc3 Nf6 5. e3 c6 6. Qb3 Qb6 7. c5 Qxb3 8. axb3 Nbd7 9. b4 Nh5 10. Bc7 Rc8 11. Be5 f6 12. Bd6 Bxd6 13. cxd6 a6 14. h3 g5 15. g4 Ng7 16. gxf5 Nxf5 17. Na4 Nxd6 18. Nc5 Nxc5 19. bxc5 Ne4 20. Bd3 h5 21. Bxe4 dxe4 22. h4 Ke7 23. Ne2 Rcg8 24. Ra3 Kd7 25. Rb3 Kc7 26. hxg5 fxg5 27. Ng3 h4 28. Nxe4 g4 29. Ke2 h3 30. Rh2 Rf8 31. Ra3 Rf3 32. Ra1 1-0


[Site "https://www.chess.com"]

[Event "Titled Tuesday Blitz September 27 Early 2022"]
[White "Papasimakopoulos, Alexandros"]
[Black "Thorhallsson, Simon"]
[WhiteFideId "4244125"]
[BlackFideId "2310090"]
[WhiteElo "2357"]
[BlackElo "2137"]
[Result "1-0"]
[Round "01"]
[TimeControl "180+1"]
[Date "2022.09.27"]
[WhiteClock "0:00:08"]
[BlackClock "0:00:02"]

1. d4 d5 2. c4 e6 3. Nc3 c6 4. Nf3 dxc4 5. a4 Bb4 6. e3 b5 7. Bd2 Bb7 8. Rb1 a6 9. b3 cxb3 10. Qxb3 Be7 11. Be2 Nf6 12. O-O O-O 13. Rfc1 b4 14. Nd1 a5 15. Ne5 c5 16. Bf3 Bxf3 17. Nxf3 Nbd7 18. Nb2 Ne4 19. Nc4 Nxd2 20. Ncxd2 cxd4 21. Nxd4 Nc5 22. Qc2 Rc8 23. Nc4 Qc7 24. Nb5 Qb8 25. Nxa5 b3 26. Qc4 b2 27. Rd1 Bf6 28. Qb4 Na6 29. Qb3 Qb6 30. Nc4 Qc5 31. Nxb2 Nb4 32. Nd3 Nxd3 33. Qxd3 Rfd8 34. Qe2 Rxd1+ 35. Qxd1 g6 36. g3 Rd8 37. Qb3 Rd2 38. Rf1 Rb2 39. Qd3 Rb4 40. Qd7 Rxa4 41. Nd6 Ra7 42. Qc8+ Qxc8 43. Nxc8 Rc7 44. Nb6 Rc5 45. Na4 Rc2 46. Rb1 Kg7 47. Nb6 h5 48. Nd7 Ra2 49. Nc5 Ra1 50. Rxa1 Bxa1 51. Kg2 Bf6 52. Ne4 Be7 53. h3 e5 54. Nc3 f5 55. Nd5 Bd8 56. f3 Kf7 57. e4 fxe4 58. fxe4 Ke6 59. Kf3 g5 60. g4 hxg4+ 61. Kxg4 Kd6 62. Ne3 Kc5 63. Kf5 Kd4 64. Ng4 Bc7 65. Nf6 Bd8 66. Nd7 1-0


[Site "https://www.chess.com"]

[Event "Titled Tuesday Blitz September 27 Early 2022"]
[White "Perera Alfonso, Rene Humberto"]
[Black "Itkis, Boris"]
[WhiteFideId "3514722"]
[BlackFideId "1209167"]
[WhiteElo "2313"]
[BlackElo "2207"]
[Result "1-0"]
[Round "01"]
[TimeControl "180+1"]
[Date "2022.09.27"]
[WhiteClock "0:01:09"]
[BlackClock "0:00:45"]

1. e4 e5 2. Nf3 Nf6 3. Nxe5 d6 4. Nf3 Nxe4 5. d4 d5 6. Bd3 Bd6 7. O-O O-O 8. c4 c6 9. Nc3 Nxc3 10. bxc3 dxc4 11. Bxc4 Bf5 12. Re1 Nd7 13. Bg5 Nf6 14. Nh4 Bg6 15. Nxg6 hxg6 16. Qf3 b5 17. Bb3 Rc8 18. h3 Ba3 19. Rad1 Qd6 20. Bf4 Qd7 21. Be5 Nd5 22. c4 bxc4 23. Bxc4 Bb4 24. Re4 Nc3 25. Rh4 Nxd1 26. Qf4 Qf5 27. Rh8+ 1-0


[Site "https://www.chess.com"]

[Event "Titled Tuesday Blitz September 27 Early 2022"]
[White "Petrosyan, Manuel"]
[Black "Melaugh, Shane"]
[WhiteFideId "13300857"]
[BlackFideId "2509580"]
[WhiteElo "2843"]
[BlackElo "2495"]
[Result "1-0"]
[Round "01"]
[TimeControl "180+1"]
[Date "2022.09.27"]
[WhiteClock "0:01:09"]
[BlackClock "0:00:05"]

1. Nf3 f5 2. g3 d6 3. Bg2 e5 4. O-O Nc6 5. c4 Nf6 6. Nc3 Be7 7. Rb1 a5 8. a3 O-O 9. b4 axb4 10. axb4 Qe8 11. b5 Na5 12. d3 Qh5 13. Bg5 f4 14. Bxf6 Bxf6 15. Nd5 Bd8 16. Ra1 b6 17. Nd2 Bh3 18. e4 Bg4 19. Bf3 Bxf3 20. Qxf3 Qxf3 21. Nxf3 Rc8 22. Kg2 fxg3 23. fxg3 Bf6 24. Ra3 Nb7 25. h4 Nc5 26. Ne1 Ra8 27. Rxa8 Rxa8 28. Nxc7 Ra2+ 29. Rf2 Ra3 30. Nd5 Nxd3 31. Nxd3 Rxd3 32. Nxb6 Rd4 33. Nd5 Rxc4 34. b6 Rc8 35. Ra2 Kf7 36. Ra7+ Ke6 37. Kh3 h5 38. g4 g6 39. g5 Bd8 40. Rg7 Rc1 41. Rxg6+ Kd7 42. Rg7+ Kc6 43. b7 Rb1 44. Rh7 Rxb7 45. Rxb7 Kxb7 46. g6 1-0


[Site "https://www.chess.com"]

[Event "Titled Tuesday Blitz September 27 Early 2022"]
[White "Pinheiro, Iung Alicio de O."]
[Black "Roque Sola, Jose Luis"]
[WhiteFideId "2104350"]
[BlackFideId "5120390"]
[WhiteElo "2283"]
[BlackElo "1990"]
[Result "1-0"]
[Round "01"]
[TimeControl "180+1"]
[Date "2022.09.27"]
[WhiteClock "0:00:31"]
[BlackClock "0:00:08"]

1. e4 e6 2. d4 d5 3. e5 c5 4. c3 Nc6 5. Nf3 Nge7 6. Bd3 cxd4 7. O-O dxc3 8. Nxc3 Ng6 9. Re1 Be7 10. g3 a6 11. h4 Qc7 12. h5 Ngxe5 13. Bf4 Nxf3+ 14. Qxf3 Qd8 15. Rad1 O-O 16. Bb1 Bg5 17. Nxd5 exd5 18. Rxd5 Bg4 19. Qg2 Qb6 20. Rxg5 Qb4 21. Rc1 Be6 22. a3 Qxb2 23. Qe4 g6 24. hxg6 1-0


[Site "https://www.chess.com"]

[Event "Titled Tuesday Blitz September 27 Early 2022"]
[White "Player, Edmund C"]
[Black "Harsh Suresh"]
[WhiteFideId "406520"]
[BlackFideId "45018464"]
[WhiteElo "2494"]
[BlackElo "2836"]
[Result "0-1"]
[Round "01"]
[TimeControl "180+1"]
[Date "2022.09.27"]
[WhiteClock "0:00:13"]
[BlackClock "0:00:28"]

1. e4 c6 2. d4 d5 3. Nd2 g6 4. Ngf3 Bg7 5. c3 dxe4 6. Nxe4 Nf6 7. Nxf6+ exf6 8. Bd3 O-O 9. O-O Be6 10. Qc2 Nd7 11. Bf4 a5 12. Nd2 a4 13. Ne4 Qa5 14. Rfe1 Rfd8 15. Nd6 Qb6 16. Bc4 Bxc4 17. Nxc4 Qa6 18. Nd6 Nb6 19. Re7 Nd5 20. Rae1 Nxf4 21. Qe4 Rxd6 22. Qxf4 Rdd8 23. h4 Qb5 24. g4 Qxb2 25. h5 Qxa2 26. h6 Bf8 27. Rxb7 Qd5 28. Qxf6 Bxh6 29. Ree7 Rf8 30. f4 Bg7 31. Qh4 a3 32. f5 a2 33. f6 a1=Q+ 34. Kh2 Ra2+ 35. Kg3 Qg1+ 36. Kf4 Rf2+ 37. Ke3 Qe1+ 38. Kd3 Qd2# 0-1


[Site "https://www.chess.com"]

[Event "Titled Tuesday Blitz September 27 Early 2022"]
[White "Polanco Nunez, Yoel Estarling"]
[Black "Bayo Milagro, Alvaro"]
[WhiteFideId "6401783"]
[BlackFideId "22275240"]
[WhiteElo "2132"]
[BlackElo "2270"]
[Result "0-1"]
[Round "01"]
[TimeControl "180+1"]
[Date "2022.09.27"]
[WhiteClock "0:02:16"]
[BlackClock "0:02:15"]

1. Nf3 Nf6 2. g3 d5 3. Bg2 c6 4. c4 dxc4 5. Qc2 g6 6. Qxc4 Bg7 7. d4 O-O 8. Nc3 Be6 9. Qd3 Nd5 10. O-O Nd7 11. e4 Nxc3 12. bxc3 Nb6 13. Nd2 Qd7 14. Bb2 Bh3 15. Bxh3 Qxh3 16. Rab1 Rad8 17. Qe2 Qe6 18. Ra1 c5 19. d5 Nxd5 20. Qb5 Nxc3 21. Bxc3 Bxc3 22. Nc4 Bxa1 23. Rxa1 a6 24. Qb3 0-1


[Site "https://www.chess.com"]

[Event "Titled Tuesday Blitz September 27 Early 2022"]
[White "Prestia, Paris"]
[Black "Mitrovic, Darko R"]
[WhiteFideId "30925959"]
[BlackFideId "927023"]
[WhiteElo "2562"]
[BlackElo "2150"]
[Result "0-1"]
[Round "01"]
[TimeControl "180+1"]
[Date "2022.09.27"]
[WhiteClock "0:00:13"]
[BlackClock "0:00:05"]

1. e4 e6 2. d4 d5 3. Nd2 Nf6 4. Bd3 c5 5. exd5 exd5 6. dxc5 Bxc5 7. Ngf3 O-O 8. O-O h6 9. Nb3 Bb6 10. h3 Nc6 11. Re1 d4 12. Bf4 Be6 13. Ne5 Nd5 14. Bg3 Rc8 15. Qf3 Nxe5 16. Bxe5 Nb4 17. Qg3 Qg5 18. Qxg5 hxg5 19. Nxd4 Bxd4 20. Bxd4 Nxc2 21. Bxc2 Rxc2 22. a4 a6 23. a5 Rd8 24. Bc3 Rd5 25. Ra4 Rf5 26. f3 Rd5 27. Rae4 Rxc3 28. bxc3 Rxa5 29. Rb4 b5 30. Re5 Ra3 31. Re3 Bc4 32. Kf2 Ra2+ 33. Kg3 Bf1 34. Kg4 g6 35. Kxg5 Kg7 36. g4 Bxh3 37. Kh4 Bf1 38. g5 Rh2+ 39. Kg3 Rg2+ 40. Kf4 Ra2 41. Rb1 Bc4 42. Ke5 a5 43. f4 a4 44. f5 gxf5 45. Kxf5 Rf2+ 46. Ke4 a3 47. Kd4 a2 48. Ra1 Rg2 49. Re5 Rg3 50. Rf5 Rd3+ 51. Kc5 Rxc3 52. Kd4 Rd3+ 53. Ke4 Rd2 54. Rff1 Bxf1 55. Rxf1 Rb2 56. Ra1 b4 57. Kd3 b3 58. Kc3 Rb1 59. Rxa2 bxa2 60. Kd4 a1=Q+ 61. Kd5 Rg1 62. Kd6 Rxg5 63. Ke7 Qf6+ 0-1


[Site "https://www.chess.com"]

[Event "Titled Tuesday Blitz September 27 Early 2022"]
[White "Prraneeth Vuppala"]
[Black "Ardila, Oscar Humberto"]
[WhiteFideId "46622373"]
[BlackFideId "4404742"]
[WhiteElo "2073"]
[BlackElo "1898"]
[Result "1-0"]
[Round "01"]
[TimeControl "180+1"]
[Date "2022.09.27"]
[WhiteClock "0:01:04"]
[BlackClock "0:00:09"]

1. c4 Nf6 2. Nc3 e6 3. Nf3 Be7 4. e4 d6 5. d4 O-O 6. h3 Nbd7 7. Be3 e5 8. d5 Nc5 9. Bxc5 dxc5 10. Nxe5 Re8 11. Nf3 Bd6 12. e5 Bxe5 13. Nxe5 Rxe5+ 14. Be2 Qe7 15. O-O Bd7 16. Bf3 Re8 17. Qd2 Bf5 18. Qf4 Bg6 19. a3 a6 20. b4 Rf5 21. Qd2 Re5 22. Na4 cxb4 23. Qxb4 b6 24. Qd2 Nd7 25. Nb2 Nc5 26. Qf4 Rf5 27. Qg3 Qf6 28. Rae1 Rxe1 29. Rxe1 h6 30. Nd1 Nd3 31. Re8+ Kh7 32. Ne3 Re5 33. Ng4 Rxe8 34. Nxf6+ gxf6 35. Qxc7 Re1+ 36. Kh2 Nxf2 37. d6 Bf5 38. d7 Bxd7 39. Qxd7 Rd1 40. Qxf7+ Kh8 41. Qxf6+ 1-0


[Site "https://www.chess.com"]

[Event "Titled Tuesday Blitz September 27 Early 2022"]
[White "Pultinevicius, Paulius"]
[Black "Urbina Perez, Juan Antonio"]
[WhiteFideId "12809390"]
[BlackFideId "2217368"]
[WhiteElo "2857"]
[BlackElo "2502"]
[Result "1-0"]
[Round "01"]
[TimeControl "180+1"]
[Date "2022.09.27"]
[WhiteClock "0:00:34"]
[BlackClock "0:00:50"]

1. c4 c6 2. Nf3 d5 3. g3 Nf6 4. Bg2 Bf5 5. O-O e6 6. cxd5 cxd5 7. d3 Be7 8. Nc3 O-O 9. Qb3 Qb6 10. Qxb6 axb6 11. Bf4 Nc6 12. Rfc1 h6 13. Nb5 g5 14. Be3 Ra5 15. Nbd4 Bc5 16. Nxf5 exf5 17. Bd2 Raa8 18. h4 g4 19. Ne1 Kh7 20. Bc3 d4 21. Bd2 Rfe8 22. Kf1 Rac8 23. Rc2 Nb4 24. Bxb4 Bxb4 25. Rac1 Rxc2 26. Rxc2 Re7 27. Rc4 Bxe1 28. Kxe1 Rd7 29. Rb4 Rd6 30. Bxb7 Nd7 31. Bc8 Nc5 32. Bxf5+ Kg7 33. Bxg4 Kg6 34. Kd2 f5 35. Bf3 f4 36. g4 Kf6 37. Rc4 Nd7 38. Rc6 Rxc6 39. Bxc6 Ke5 40. Bxd7 1-0


[Site "https://www.chess.com"]